Map: Moebius Facility XX-1

Players

Musumeci - Winner!

  • Race: Zerg Zerg
  • League: Diamond
  • Spawn Location: 6:00

MichyMoko - Winner!

  • Race: Zerg Zerg
  • Spawn Location: 7:00

Norfolc

  • Race: Zerg Zerg
  • League: Platinum
  • Spawn Location: 1:00

Messiah

  • Race: Protoss Protoss
  • League: Diamond
  • Spawn Location: 12:00

VOD

Have the link to the VOD?

Description

Time

  • Played on: Jan. 1, 2017, 10:42 a.m.
  • Length: 12:18
Show
View Real Time Build Order
Export as new Build Order

Musumeci Zerg - Winner!

Build Orders: Hatch First, Muta Ling Bane, Zergling Baneling 

Get SALT Encoding   

  12  0:01  Drone  
  13  0:13  Drone  
  14  0:21  Extractor  
  14  0:22  Drone  
  15  0:44  Hatchery  
  15  0:47  Drone, Extractor  
  15  1:01  Spawning Pool  
  14  1:17  Drone, Extractor  
  14  1:18  Drone, Extractor  
  14  1:20  Extractor, Overlord  
  15  1:39  Drone  
  16  1:46  Drone  
  17  1:57  Drone x2  
  19  2:05  Hatchery  
  19  2:06  Evolution Chamber  
  18  2:09  Drone x2  
  18  2:10  Queen  
  22  2:21  Queen  
  24  2:24  Drone  
  25  2:36  Drone  
  26  2:38  Overlord  
  26  2:40  Metabolic Boost  
  26  2:44  Zergling x2  
  27  2:57  Zergling x6  
  27  2:58  Zergling x2  
  31  3:05  Baneling Nest  
  30  3:10  Drone  
  30  3:11  Drone x2  
  33  3:25  Zergling x2  
  33  3:26  Zergling x4  
  36  3:36  Overlord  
  36  3:37  Overlord  
  36  3:48  Baneling x2  
  36  3:52  Baneling x2  
  36  4:15  Zergling x18  
  44  4:32  Baneling x7  
  44  4:45  Spore Crawler  
  43  5:01  Spore Crawler  
  36  5:27  Baneling  
  36  5:28  Baneling x3  
  35  5:31  Zergling x20  
  42  5:41  Zergling x4  
  43  5:43  Zergling x2  
  40  6:02  Zergling x2  
  40  6:03  Zergling x4  
  40  6:04  Overlord x4  
  41  6:24  Drone x8  
  45  6:32  Lair  
  45  6:35  Extractor  
  45  6:36  Extractor  
  45  6:37  Drone  
  45  6:38  Drone  
  45  6:45  Drone  
  45  6:46  Drone x2  
  48  7:12  Queen  
  50  7:27  Drone x3  
  50  7:28  Drone x10  
  62  7:39  Drone  
  63  7:46  Extractor  
  63  7:48  Queen  
  64  8:03  Spire  
  63  8:12  Centrifical Hooks  
  62  8:28  Hatchery  
  60  8:34  Zergling x2  
  60  8:35  Zergling x8  
  63  8:58  Overlord x3  
  63  9:10  Extractor  
  63  9:12  Extractor  
  61  9:37  Mutalisk x11  
  83  9:48  Drone x3  
  83  9:52  Drone x9  
  95  9:53  Drone x2  
  95  10:08  Zerg Flyer Armor Level 1  
  95  10:36  Mutalisk  
  95  10:41  Overlord x6  
  95  10:55  Spore Crawler  
  95  10:56  Spore Crawler  
  93  10:57  Spore Crawler x2  
  93  11:00  Spore Crawler x2  
  93  11:01  Drone  
  93  11:02  Drone x6, Spore Crawler x2  
  93  11:04  Mutalisk x7  
  108  11:17  Zergling x6  
Show
View Real Time Build Order
Export as new Build Order

MichyMoko Zerg - Winner!

Build Orders: Hatch First 

Get SALT Encoding   

  12  0:01  Drone  
  13  0:13  Overlord  
  13  0:19  Drone  
  14  0:32  Drone  
  14  0:33  Drone  
  16  0:39  Drone  
  17  0:57  Drone  
  17  0:58  Hatchery  
  17  1:12  Spawning Pool  
  17  1:15  Drone  
  17  1:22  Drone x2, Extractor  
  18  1:30  Drone  
  19  1:40  Drone  
  20  1:50  Drone  
  21  2:04  Overlord  
  21  2:09  Queen  
  21  2:14  Queen  
  25  2:16  Drone  
  25  2:17  Drone  
  27  2:26  Drone x2  
  27  2:28  Metabolic Boost  
  29  2:33  Drone  
  29  2:35  Drone  
  31  2:43  Zergling x2  
  32  2:45  Zergling x2  
  32  2:48  Queen  
  35  2:54  Zergling x2  
  35  2:58  Overlord  
  36  3:09  Drone, Roach Warren  
  36  3:15  Overlord  
  36  3:21  Drone x2  
  36  3:22  Zergling x4  
  40  3:27  Lair  
  40  3:37  Zergling x4  
  40  3:38  Overlord  
  42  3:45  Zergling x4  
  42  3:46  Zergling x2  
  45  3:51  Drone  
  45  3:54  Drone  
  47  3:57  Drone x2  
  47  3:58  Drone x4  
  53  4:03  Extractor  
  52  4:18  Drone x3  
  45  4:53  Spore Crawler  
  44  5:03  Drone x7  
  44  5:05  Spore Crawler  
  48  5:26  Zergling x2  
  48  5:27  Zergling x6  
  48  5:46  Hydralisk Den  
  48  5:47  Zergling x2  
  48  5:48  Zergling x12  
  48  5:49  Overlord  
  51  6:01  Extractor  
  51  6:02  Extractor  
  47  6:36  Drone x12  
  59  6:45  Evolution Chamber  
  59  6:46  Evolution Chamber  
  53  7:08  Hydralisk  
  53  7:09  Hydralisk x2  
  53  7:15  Overlord x2  
  58  7:32  Queen  
  60  7:42  Hydralisk x7  
  74  7:44  Overlord x2  
  74  7:45  Overlord  
  74  7:49  Zerg Missile Weapons Level 1  
  74  7:50  Zerg Ground Armor Level 1  
  74  8:04  Hydralisk x2  
  74  8:05  Hydralisk  
  80  8:08  Muscular Augments  
  80  8:14  Hatchery  
  79  8:49  Drone x4  
  79  8:50  Hydralisk x4  
  79  8:52  Overlord  
  79  8:53  Overlord x3  
  91  9:00  Overlord x2  
  91  9:03  Extractor  
  91  9:05  Extractor  
  91  9:09  Glial Reconstitution  
  89  9:11  Roach x4  
  89  9:13  Overseer  
  97  9:20  Hydralisk x6  
  109  9:40  Drone x4  
  109  9:44  Drone x2  
  109  9:45  Drone  
  116  9:46  Drone x3  
  116  9:50  Hydralisk  
  116  9:51  Hydralisk  
  123  10:04  Hydralisk x3  
  129  10:11  Infestation Pit  
  128  11:07  Spore Crawler  
  128  11:09  Spore Crawler  
  128  11:11  Spore Crawler  
  125  11:16  Drone x4  
  125  11:17  Drone  
  130  11:18  Spore Crawler  
  130  11:19  Spore Crawler  
  128  11:27  Drone x3  
  128  11:28  Hydralisk x6  
Show
View Real Time Build Order
Export as new Build Order

Norfolc Zerg 

Build Orders: Hatch First 

Get SALT Encoding   

  12  0:02  Drone  
  13  0:13  Overlord  
  13  0:19  Drone  
  14  0:32  Drone x2  
  16  0:41  Drone  
  17  0:57  Hatchery  
  17  1:00  Extractor  
  17  1:04  Drone x2  
  17  1:18  Spawning Pool  
  17  1:22  Drone  
  17  1:23  Drone  
  18  1:29  Drone  
  19  1:40  Overlord  
  19  2:05  Metabolic Boost  
  19  2:06  Queen  
  19  2:08  Zergling x4  
  23  2:11  Queen  
  23  2:14  Zergling x2  
  26  2:25  Baneling Nest  
  25  2:46  Drone x4  
  25  2:47  Drone x2  
  31  3:00  Drone  
  31  3:01  Drone  
  33  3:10  Evolution Chamber  
  33  3:11  Drone  
  34  3:20  Drone x2  
  34  3:24  Overlord  
  35  3:41  Queen, Drone  
  35  3:42  Zergling x8  
  35  3:43  Zergling x2  
  43  4:04  Drone  
  43  4:08  Baneling x4  
  43  4:09  Baneling x2  
  44  4:16  Overlord x5  
  43  4:20  Zerg Melee Weapons Level 1  
  42  4:52  Lair  
  42  5:06  Drone x5  
  39  5:28  Zergling x2  
  39  5:29  Zergling x22  
  23  6:02  Drone x3  
  23  6:03  Drone x5  
  31  6:10  Baneling  
  31  6:11  Baneling x2  
  31  6:13  Baneling x2  
  31  6:16  Baneling  
  31  6:21  Queen  
  33  6:26  Drone x2  
  33  6:27  Drone x2  
  33  6:32  Spine Crawler  
  36  6:39  Extractor  
  35  6:40  Extractor  
  35  6:41  Drone  
  35  6:42  Drone  
  36  6:53  Spore Crawler  
  35  7:18  Drone  
  35  7:19  Drone x2  
  38  7:36  Extractor  
  37  7:52  Spire  
  37  7:54  Drone x6  
  42  8:08  Drone x6  
  48  8:27  Overseer  
  48  8:47  Drone x2  
  48  8:48  Drone x2  
  52  9:01  Pneumatized Carapace  
  52  9:09  Drone  
  53  9:28  Mutalisk x6  
  53  9:29  Mutalisk  
  67  9:53  Zerg Melee Weapons Level 2  
  67  10:00  Mutalisk x2  
  71  10:12  Hatchery  
  70  10:16  Extractor  
  70  10:17  Zerg Flyer Weapons Level 1  
  70  10:35  Spore Crawler  
  68  10:36  Spore Crawler  
  67  10:57  Mutalisk x4  
  67  10:59  Overlord x4  
  67  11:00  Overlord x7  
  75  11:06  Hatchery  
  74  11:13  Evolution Chamber  
  73  11:39  Spore Crawler  
Show
View Real Time Build Order
Export as new Build Order

Messiah Protoss 

Build Orders: Oracle Opening 

Get SALT Encoding   

  12  0:01  Probe (Chrono Boost)  
  13  0:19  Pylon  
  13  0:22  Probe (Chrono Boost)  
  14  0:31  Assimilator  
  14  0:33  Probe (Chrono Boost)  
  15  0:43  Probe (Chrono Boost)  
  16  0:54  Probe (Chrono Boost)  
  17  1:02  Gateway  
  17  1:04  Gateway  
  17  1:07  Probe (Chrono Boost)  
  18  1:18  Probe (Chrono Boost)  
  19  1:19  Assimilator  
  19  1:29  Probe (Chrono Boost)  
  20  1:39  Pylon  
  20  1:43  Probe (Chrono Boost)  
  21  1:51  Cybernetics Core  
  21  1:53  Probe (Chrono Boost)  
  22  1:59  Zealot  
  24  2:05  Probe (Chrono Boost)  
  25  2:16  Probe (Chrono Boost)  
  26  2:28  Pylon  
  26  2:31  Adept  
  28  2:38  Stargate  
  27  3:14  Nexus  
  27  3:17  Adept  
  27  3:18  Assimilator  
  29  3:21  Pylon  
  29  3:27  Oracle  
  32  3:40  Stargate  
  32  3:45  Mothership Core (Chrono Boost)  
  34  4:02  Void Ray  
  34  4:03  Probe (Chrono Boost)  
  39  4:11  Adept  
  39  4:15  Adept  
  43  4:26  Pylon  
  43  4:53  Void Ray  
  43  4:55  Void Ray  
  51  5:06  Probe x2 (Chrono Boost)  
  49  5:17  Probe x2 (Chrono Boost)  
  39  5:34  Adept  
  39  5:35  Adept  
  34  5:56  Forge  
  34  6:07  Probe (Chrono Boost)  
  31  6:26  Probe x2 (Chrono Boost)  
  33  6:36  Probe (Chrono Boost)  
  34  6:47  Probe x2 (Chrono Boost)  
  36  6:57  Probe x2 (Chrono Boost)  
  38  7:12  Void Ray  
  42  7:33  Probe (Chrono Boost)  
  42  7:34  Probe (Chrono Boost)  
  45  7:44  Probe x2 (Chrono Boost)  
  46  7:53  Void Ray  
  46  7:54  Probe (Chrono Boost)  
  46  7:55  Probe (Chrono Boost)  
  52  8:05  Probe x2 (Chrono Boost)  
  54  8:16  Probe x2 (Chrono Boost)  
  56  8:26  Probe x2 (Chrono Boost)  
  58  8:37  Probe x2 (Chrono Boost)  
  60  8:47  Probe x2 (Chrono Boost)  
  60  8:48  Assimilator  
  62  8:52  Pylon  
  62  8:54  Pylon  
  62  9:08  Photon Cannon  
  62  9:11  Probe x2 (Chrono Boost)  
  62  9:12  Photon Cannon  
  62  9:15  Pylon  
  64  9:21  Probe x2 (Chrono Boost)  
  66  9:31  Void Ray x2  
  66  9:32  Probe x2 (Chrono Boost)  
  76  9:42  Probe x2 (Chrono Boost)  
  78  9:53  Probe x2 (Chrono Boost)  
  78  9:54  Fleet Beacon  
  80  10:03  Probe x2 (Chrono Boost)  
  83  10:14  Probe (Chrono Boost)  
  83  10:19  Phoenix  
  85  11:04  Probe (Chrono Boost)  
  86  11:09  Stargate x2  
  86  11:14  Photon Cannon  
  86  11:30  Probe x2 (Chrono Boost)  
  85  11:40  Nexus  
  85  11:42  Phoenix  
  85  11:43  Pylon  
  85  11:46  Pylon  
  82  11:48  Pylon  
Tags
 
Add a new tag
Caveats
  • Supply blocks, unpowered buildings, or Contaminate may cause inaccurate times.
  • Supply counts are checked every 10 seconds.